 Dungeon Crawl Stone Soup version 0.26.0-10-g1f06aea511 (webtiles) character file.

Game seed: 8584043787758630536

424 Borgoz the Slasher (level 6, -1/52 HPs)
             Began as a Ghoul Gladiator on Jan 15, 2021.
             Killed by divine providence
             ... invoked by an orc priest
              (10 damage)
             ... on level 4 of the Dungeon.
             The game lasted 00:04:52 (3361 turns).

Borgoz the Slasher (Ghoul Gladiator)                Turns: 3361, Time: 00:04:52

Health: -1/52      AC:  5    Str: 18    XL:     6   Next: 96%
Magic:  5/5        EV: 14    Int:  3    God:
Gold:   167        SH:  0    Dex: 18    Spells: 5/5 levels left

rFire    + . .     SeeInvis .   a - +0 long sword
rCold    + . .     Faith    .   (no shield)
rNeg     + + +     Spirit   .   v - +0 leather armour (curse)
rPois    ∞         Reflect  .   c - +0 helmet
rElec    .         Harm     .   (no cloak)
rCorr    .         Rampage  .   (no gloves)
Will     .....                  r - +0 pair of boots
Stlth    +.........             (no amulet)
HPRegen  0.00/turn              h - +6 ring of dexterity
MPRegen  0.09/turn              w - ring of protection from fire

@: no status effects
A: claws 1, cold resistance 1, negative energy resistance 3, inhibited
regeneration, torment resistance, unbreathing
a: no special abilities


You were on level 4 of the Dungeon.
You visited 1 branch of the dungeon, and saw 4 of its levels.
You also visited: Sewer.

You collected 167 gold pieces.

Inventory:

Hand Weapons
 a - a +0 long sword (weapon)
Missiles
 d - 3 throwing nets (quivered)
Armour
 c - a +0 helmet (worn)
 r - a +0 pair of boots (worn)
 v - a cursed +0 leather armour (worn)
Jewellery
 b - an uncursed ring of ice
 h - a +6 ring of dexterity (left claw)
 w - a ring of protection from fire (right claw)
Scrolls
 e - a scroll of enchant weapon {unknown}
 f - a scroll of immolation {unknown}
 g - a scroll of fog {unknown}
 i - 2 scrolls of noise {unknown}
 n - a scroll of enchant armour {unknown}
 o - 2 scrolls of blinking {unknown}
 t - 2 scrolls of remove curse {unknown}
 u - 3 scrolls of teleportation
Potions
 j - 3 potions of curing
 l - 7 potions of heal wounds {unknown}
 s - a potion of brilliance {unknown}


   Skills:
 + Level 3.6 Fighting
 * Level 4.6 Long Blades
 - Level 1.7 Throwing
 * Level 3.3 Armour
 + Level 3.7 Dodging


You had 5 spell levels left.
You didn't know any spells.
Your spell library contained the following spells:

 Spells                   Type           Power        Failure   Level
 Beastly Appendage        Tmut           Unusable     N/A         1
 Wereblood                Tmut           Unusable     N/A         2
 Spider Form              Tmut/Pois      Unusable     N/A         3
 Ice Form                 Ice/Tmut       Unusable     N/A         4
 Blade Hands              Tmut           Unusable     N/A         5

Dungeon Overview and Level Annotations

Branches:
Dungeon (4/15)              Sewer (visited)
 Temple: D:4-7

Altars:
Xom
Zin


Innate Abilities, Weirdness & Mutations

You thrive by killing the living.
You are immune to poison.
You have sharp fingernails.
Your flesh is cold resistant. (rC+)
You are immune to negative energy. (rN+++)
You do not regenerate when monsters are visible.
You are immune to unholy pain and torment.
You can survive without breathing.


Message History

The orc is severely wounded.
The orc priest closely misses you. The orc hits you with a +0 falchion.
You barely miss the orc.
The orc is severely wounded.
The orc priest misses you. The orc hits you but does no damage.
You closely miss the orc.
The orc is severely wounded.
The orc priest calls down the wrath of Beogh upon you.
Beogh smites you! The orc hits you with a +0 falchion.
The orc priest hits you from afar with a +0 trident.
The orc hits you with a +0 falchion.
The orc priest hits you with a +0 trident.
* * * LOW HITPOINT WARNING * * *
You hit the orc priest.
The orc priest is moderately wounded.
The orc hits you with a +0 falchion.
* * * LOW HITPOINT WARNING * * *
The orc priest mumbles some strange prayers to Beogh against you.
Beogh smites you!
You die...

#.# #.##
..####.#####..##
##...............## #.
#.$.......... ##.
##.........### # ##..
###..........#
#..#...##............###
#.....#).......###....#
#....o@...#..### #.....
.......)o.##...# ##.....
.........###...###......
###.....## #.........#..
#...... #.....##.....
#...... ....#####...
#....... .... ##..
#........ ... ##. .. ##


You could see an orc priest and an orc.

Vanquished Creatures
  2 big kobolds (Sewer)
  7 adders
  7 river rats
  2 oozes
  4 worms
  4 dart slugs
  4 leopard geckos
  3 orcs
  9 ball pythons
  9 giant cockroaches
  2 goblins
  9 hobgoblins
  4 jackals (D:3)
  24 kobolds
  A quokka (D:2)
  8 bats
  5 frilled lizards
  A quokka skeleton (D:2)
  32 rats
137 creatures vanquished.

Notes
Turn   | Place    | Note
-------+----------+-------------------------------------------
     0 | D:1      | Borgoz the Ghoul Gladiator began the quest for the Orb.
     0 | D:1      | Reached XP level 1. HP: 17/17 MP: 0/0
   206 | D:1      | Reached XP level 2. HP: 23/24 MP: 1/1
   322 | D:1      | Reached skill level 3 in Long Blades
   441 | D:1      | Reached skill level 1 in Armour
   676 | D:1      | Reached XP level 3. HP: 30/30 MP: 2/2
   930 | D:2      | Found a glowing silver altar of Zin.
  1189 | D:2      | Reached XP level 4. HP: 37/37 MP: 3/3
  1643 | D:3      | Found a shimmering altar of Xom.
  1673 | D:3      | Found a glowing drain.
  1691 | D:3      | Reached XP level 5. HP: 22/45 MP: 4/4
  1791 | Sewer    | Entered a sewer
  2138 | Sewer    | Reached skill level 4 in Long Blades
  2224 | Sewer    | Noticed a big kobold
  2224 | Sewer    | Noticed a big kobold
  2240 | Sewer    | Killed a big kobold
  2241 | Sewer    | Reached XP level 6. HP: 31/51 MP: 5/5
  3361 | D:4      | Killed from afar by an orc priest

Illustrated notes

Levels and vault maps discovered:
D:1:      scummos_arrival_forest, layout_basic
D:2:      layout_basic, old_standard_altar, minmay_worlds_worst_comb
D:3:      minmay_evil_eye, layout_rooms, portal_sewer_entry_a,
          brannock_xom_greatest_gift
D:4:      layout_layer_cave

Skill      XL: |  1  2  3  4  5  6 |
---------------+-------------------+-----
Long Blades    | 3 4 |  4.6
Armour         | 1 2 3 |  3.3
Dodging        | 3 |  3.7
Fighting       | 3 |  3.6
Throwing       | |  1.7

Action                   |  1- 3 |  4- 6 || total
-------------------------+-------+-------++-------
Melee: Long sword        |    90 |   251 ||   341
  Use: Scroll            |     1 |     6 ||     7
       Potion            |       |     3 ||     3
 Stab: Sleeping          |     3 |     9 ||    12
Armor: Leather armour    |    31 |   101 ||   132
Dodge: Dodged            |    67 |   283 ||   350
       Rpst.: Long sword |    18 |    81 ||    99
